 Dungeon Crawl Stone Soup version 0.28.0-49-g6dfe1f597d (webtiles) character file.

Game seed: 9114534492632230365

284 pkoi the Insei (level 5, 0/44 HPs)
             Began as a Demigod Gladiator on May 11, 2022.
             Slain by an ogre
             ... wielding a +0 giant club
              (15 damage)
             ... on level 3 of the Dungeon.
             The game lasted 00:04:50 (5342 turns).

pkoi the Insei (Demigod Gladiator)                  Turns: 5342, Time: 00:04:51

Health: 0/44       AC:  8    Str: 15    XL:     5   Next: 78%
Magic:  7/7        EV: 12    Int: 20    God:
Gold:   195        SH:  0    Dex: 15    Spells: 4/4 levels left

rFire   . . .      SeeInvis .     - Unarmed
rCold   . . .      Faith    .   (no shield)
rNeg    . . .      Spirit   .   s - +0 swamp dragon scales
rPois   +          Reflect  .   b - +0 helmet
rElec   .          Harm     .   (no cloak)
rCorr   .          Rampage  .   (no gloves)
Will    .....                   (no boots)
Stlth   +.........              (no amulet)
HPRegen 0.14/turn               i - +6 ring of intelligence
MPRegen 0.10/turn               (no ring)

@: no status effects
A: high MP 1, forlorn, divine attributes
a: no special abilities


You were on level 3 of the Dungeon.
You visited 1 branch of the dungeon, and saw 4 of its levels.

You collected 195 gold pieces.

Inventory:

Hand Weapons
 d - a +0 vampiric dagger
 h - a +0 short sword
Missiles
 c - 3 throwing nets (quivered)
 e - a curare-tipped dart
 g - 6 poisoned darts
 n - 6 silver javelins
Armour
 a - a +0 leather armour
 b - a +0 helmet (worn)
 f - a +0 chain mail
 s - +0 swamp dragon scales (worn)
Jewellery
 i - a +6 ring of intelligence (left hand)
Wands
 r - a wand of iceblast (11)
Scrolls
 j - a scroll of teleportation
Potions
 k - a potion of brilliance
 l - a potion of flight
 m - a potion of heal wounds
 p - a potion of might
 t - a potion of invisibility


   Skills:
 + Level 2.9 Fighting
 - Level 1.7 Throwing
 + Level 2.1 Armour
 + Level 3.6 Dodging
 * Level 4.4 Unarmed Combat
 + Level 0.4 Evocations


You had 4 spell levels left.
You didn't know any spells.
Your spell library contained the following spells:

 Spells                   Type           Power      Damage    Failure   Level
 Inner Flame              Hex/Fire       0%         N/A       73%         3
 Cause Fear               Hex            0%         N/A       98%         4
 Leda's Liquefaction      Hex/Erth       0%         N/A       98%         4
 Lee's Rapid Deconstruct  Erth           0%         3d5*      100%        5
 Statue Form              Tmut/Erth      0%         N/A       100%        6
 Discord                  Hex            0%         N/A       100%        8


Dungeon Overview and Level Annotations

Branches:
Dungeon (4/15)
 Temple: D:4-7

Annotations:
D:3 1 runed translucent door, Crazy Yiuf


Innate Abilities, Weirdness & Mutations

You have an increased reservoir of magic. (+10% MP)
You shall have no god before yourself.
Your divine heritage dramatically boosts your attributes as you level up.


Message History

You hear the hiss of an avalanche of sand very nearby.
The orc hits you but does no damage.
There is a stone staircase leading up here.
You hit the orc.
The orc is severely wounded.
The orc hits you but does no damage.
You barely miss the orc. You punch the orc.
You kill the orc!
The ogre hits you with a +0 giant club!!
Ouch! That really hurt!
* * * LOW HITPOINT WARNING * * *
You climb upwards.
Level annotation: 1 runed translucent door, Crazy Yiuf
There is a stone staircase leading down here.
Throw: 3 darts (curare)
Press: ? - help, Shift-Dir - straight line, f - ogre
Aim: an ogre, wielding a +0 giant club (74% to hit)
You throw a curare-tipped dart.
The curare-tipped dart closely misses the ogre.
The ogre completely misses you.
Unknown command.
Throw: 2 darts (curare)
Press: ? - help, Shift-Dir - straight line, f/p - ogre
Aim: an ogre, wielding a +0 giant club (74% to hit)
You throw a curare-tipped dart. The curare-tipped dart hits the ogre.
The ogre is poisoned.
The ogre convulses.
The ogre seems to slow down.
The ogre is moderately wounded.
The ogre barely misses you.
You barely miss the ogre.
The ogre is moderately wounded.
You hit the ogre but do no damage.
The ogre is heavily wounded.
The ogre barely misses you.
You barely miss the ogre.
The ogre is heavily wounded.
You barely miss the ogre.
The ogre is heavily wounded.
The ogre hits you with a +0 giant club!
You die...

######### ########
........# #......#
........# #......#
........###......######
..........'.....@O...>#
........###......####.#
........# #......# #.#
........# #......# #.#
........# #......####.#
........# #....†......#
).......# #......######
........# #......#
######.## ###.####


You could see an ogre (very poisoned, slow).

Vanquished Creatures
  A scorpion (D:3)
  A hound (D:2)
  Jessica (D:2)
  9 adders
  4 worms
  A dart slug (D:1)
  2 orcs
  4 ball pythons
  6 bats
  5 endoplasms
  A giant cockroach (D:1)
  7 hobgoblins
  3 jackals (D:2)
  2 quokkas (D:3)
  7 frilled lizards
  8 goblins
  4 kobolds
  7 rats
73 creatures vanquished.

Notes
Turn   | Place    | Note
-------+----------+-------------------------------------------
     0 | D:1      | pkoi the Demigod Gladiator began the quest for the Orb.
     0 | D:1      | Reached XP level 1. HP: 17/17 MP: 3/3
   247 | D:1      | Reached skill level 3 in Unarmed Combat
   247 | D:1      | Reached XP level 2. HP: 20/24 MP: 4/4
   816 | D:2      | Reached skill level 1 in Armour
   816 | D:2      | Reached XP level 3. HP: 6/29 MP: 5/5
  1373 | D:2      | Noticed Jessica
  1385 | D:2      | HP: 1/29 [Jessica/nerve-wracking pain (6)]
  1878 | D:2      | Killed Jessica
  1879 | D:2      | Reached XP level 4. HP: 14/37 MP: 6/6
  3103 | D:3      | Reached skill level 4 in Unarmed Combat
  3650 | D:3      | Found a runed translucent door.
  3651 | D:3      | Noticed Crazy Yiuf
  3921 | D:3      | Reached XP level 5. HP: 40/42 MP: 7/7
  5145 | D:4      | Noticed an ogre
  5342 | D:3      | Slain by an ogre

Illustrated notes

Levels and vault maps discovered:
D:1:      dpeg_arrival_court, layout_basic
D:2:      layout_basic, basic_ecumenical_altar, minmay_statues_item,
          grunt_ministairs_4, minmay_hexomino_r4, uniq_jessica
D:3:      minmay_razor_zed, layout_basic, serial_park_tiny_2,
          uniq_crazy_yiuf_cottage
D:4:      cheibrodos_greedy_goblins, layout_basic,
          nicolae_hepliaklqana_ecumenical_no_more,
          nicolae_ossuary_entry_monument

Skill      XL: |  1  2  3  4  5 |
---------------+----------------+-----
Fighting       | 2 |  2.9
Unarmed Combat | 3 4 |  4.4
Armour         | 1 2 |  2.1
Dodging        | 3 |  3.6
Throwing       | |  1.7
Evocations     | |  0.4

Action                   |  1- 3 |  4- 6 || total
-------------------------+-------+-------++-------
Melee: Unarmed           |   132 |   216 ||   348
       Punch             |     3 |     5 ||     8
Throw: Dart              |     1 |     2 ||     3
Evoke: Wand              |       |     2 ||     2
  Use: Scroll            |       |    11 ||    11
       Potion            |       |     1 ||     1
Armor: Chain mail        |    68 |   128 ||   196
       Swamp dragon scal |       |     2 ||     2
Dodge: Dodged            |    46 |    79 ||   125
